AoeStats
← DS_The Answer

Arabia

505566579Analyzed
1v1 RM · 23d ago on Sep 10, 2026· 44m 56s· 2 players
Game mode
Random Map
Map size
Tiny (2 player)
Population
200
Speed
Normal
Resources
Standard
Victory
Conquest
Starting age
Dark Age
Ending age
Imperial Age
RankedLock teamsTeams togetherTeam positionsShared explorationLock speedFull tech treeHidden civsTurbo modeCheats
Victory
Defeat
🇦🇷 Turks · Argentina
1940
+4
🇨🇴 Portuguese · Colombia
1619
-4
DS_The Answer
2:50 Loom
9:28 Feudal Age
10:00 Double-Bit Axe
10:11 Horse Collar
17:00 Wheelbarrow
19:45 Castle Age
18:13 Gold Mining
19:42 Fletching
20:04 Bloodlines
20:42 Bow Saw
20:39 Husbandry
20:43 Bodkin Arrow
21:58 Husbandry
22:08 Padded Archer Armor
23:20 Ballistics
25:26 Scale Barding Armor
32:49 Imperial Age
31:25 Stone Mining
31:29 Town Watch
32:17 Hand Cart
32:46 Thumb Ring
33:53 Bracer
35:41 Heavy Plow
36:12 Parthian Tactics
38:32 Sipahi
38:45 Leather Archer Armor
39:00 Chain Barding Armor
39:18 Heavy Cavalry Archer
41:08 Conscription
41:51 Masonry
42:23 Forging
43:39 Plate Barding Armor
44:56 Iron Casting
VLC | Raconteur
7:06 Loom
9:24 Feudal Age
9:57 Double-Bit Axe
10:18 Horse Collar
19:00 Castle Age
18:26 Bloodlines
19:09 Forging
20:16 Bow Saw
22:50 Town Watch
25:13 Husbandry
25:26 Scale Barding Armor
30:07 Chain Barding Armor
30:13 Stone Mining
31:46 Heavy Plow
36:58 Imperial Age
35:44 Iron Casting
38:17 Plate Barding Armor
37:30 Cavalier
42:18 Blast Furnace
Connection lost

Rejoining the realm…

Still unreachable

The connection could not be restored.

Session expired

The server has moved on; the page needs a fresh start.